TOP OF THE 1ST |
Lannister United Lionhearts batting - Pitching for Minnesota Loons : LHP Dan Crowder
|
Pitching: LHP Dan Crowder
|
|
Batting: RHB Tony Martínez
|
0-0: Foul Ball, location: 2F 0-1: SOLO HOME RUN (Flyball, 89XD), Distance : 423 ft
|
Batting: LHB José Vargas
|
0-0: Ball 1-0: Ball 2-0: Called Strike 2-1: Ball 3-1: Called Strike 3-2: Base on Balls
|
Batting: RHB Tomás Martínez
|
0-0: Ball 1-0: Swinging Strike 1-1: Reached on error, E6 (Groundball, 6) José Vargas to second
|
Batting: RHB Sacha Nieuwenburg
|
0-0: Called Strike 0-1: Ball 1-1: Called Strike 1-2: Fly out, F9 (Flyball, 9S)
|
Batting: RHB Lloyd Walsh
|
0-0: Ball 1-0: Ball 2-0: Ball 3-0: Called Strike 3-1: Fielders Choice at 2nd, 1-6 (Groundball, 25) José Vargas to third
|
Batting: LHB Cisco Padilla
|
0-0: Fly out, F6 (Popup, 56)
|
Top of the 1st over - 1 run(s), 1 hit(s), 1 error(s), 2 left on base; Lannister United 1 - Minnesota 0 |
BOTTOM OF THE 1ST |
Minnesota Loons batting - Pitching for Lannister United Lionhearts : RHP Tom Rosas
|
Pitching: RHP Tom Rosas
|
|
Batting: RHB Dusty Childress
|
0-0: Foul Ball, location: 2F 0-1: Ball 1-1: Foul Ball, location: 2F 1-2: DOUBLE (Line Drive, 5L)
|
Batting: RHB Júlio Soto
|
0-0: Called Strike 0-1: Ball 1-1: Foul Ball, location: 2F 1-2: Strikes out swinging
|
Batting: LHB Miguel Zúñiga
|
0-0: Called Strike 0-1: Ball 1-1: Ball 2-1: Ground out 4-3 (Groundball, 4) Dusty Childress to third
|
Batting: RHB Álex Estrada
|
0-0: Foul Ball, location: 2F 0-1: Ground out 6-3 (Groundball, 6M)
|
Bottom of the 1st over - 0 run(s), 1 hit(s), 0 error(s), 1 left on base; Lannister United 1 - Minnesota 0 |
TOP OF THE 2ND |
Lannister United Lionhearts batting - Pitching for Minnesota Loons : LHP Dan Crowder
|
Batting: RHB Jeremy Christensen
|
0-0: Called Strike 0-1: Ball 1-1: Ball 2-1: Called Strike 2-2: SINGLE (Groundball, 6D)
|
Batting: SHB Corey Neace
|
0-0: Ball 1-0: Ball 2-0: Swinging Strike 2-1: Swinging Strike 2-2: Strikes out swinging
|
Batting: RHB Jason Compton
|
0-0: Called Strike 0-1: Ball 1-1: Foul Ball, location: 2F 1-2: Strikes out swinging
|
Batting: RHB Tony Martínez
|
0-0: Called Strike 0-1: SINGLE (Groundball, 56D) Jeremy Christensen to second
|
Batting: LHB José Vargas
|
0-0: Ball 1-0: Ball 2-0: Fly out, F9 (Flyball, 9D)
|
Top of the 2nd over - 0 run(s), 2 hit(s), 0 error(s), 2 left on base; Lannister United 1 - Minnesota 0 |
BOTTOM OF THE 2ND |
Minnesota Loons batting - Pitching for Lannister United Lionhearts : RHP Tom Rosas
|
Batting: LHB José Pacheco
|
0-0: SINGLE (Groundball, 4M)
|
Batting: LHB José León
|
0-0: Ball 1-0: Fielders Choice at 2nd, 5-4 (Groundball, 5)
|
Batting: SHB Auburn Calloway
|
0-0: Called Strike 0-1: DOUBLE (Line Drive, 9D) José León to third
|
Batting: RHB D.C. Aiken
|
0-0: Swinging Strike 0-1: Ball 1-1: Ball 2-1: Ball 3-1: Base on Balls
|
Batting: RHB Jorge Arreola
|
0-0: Ball 1-0: Foul Ball, location: 2F 1-1: Called Strike 1-2: Foul Ball, location: 2F 1-2: Ball 2-2: Ball 3-2: Base on Balls José León scores Auburn Calloway to third D.C. Aiken to second
|
Batting: RHB Dusty Childress
|
0-0: Ball 1-0: Ball 2-0: Ball 3-0: Called Strike 3-1: Base on Balls Auburn Calloway scores D.C. Aiken to third Jorge Arreola to second
|
Batting: RHB Júlio Soto
|
0-0: Ground out 3-1 (Groundball, 34S) D.C. Aiken scores Jorge Arreola to third Dusty Childress to second
|
Batting: LHB Miguel Zúñiga
|
0-0: Ball 1-0: Ball 2-0: Foul Ball, location: 2F 2-1: Ball 3-1: Swinging Strike 3-2: Base on Balls
|
Batting: RHB Álex Estrada
|
0-0: Ground out 5-3 (Groundball, 56)
|
Bottom of the 2nd over - 3 run(s), 2 hit(s), 0 error(s), 3 left on base; Lannister United 1 - Minnesota 3 |
TOP OF THE 3RD |
Lannister United Lionhearts batting - Pitching for Minnesota Loons : LHP Dan Crowder
|
Batting: RHB Tomás Martínez
|
0-0: Fly out, F8 (Flyball, 78XD)
|
Batting: RHB Sacha Nieuwenburg
|
0-0: Called Strike 0-1: Ball 1-1: Foul Ball, location: 2F 1-2: Fly out, F2 (Popup, 2R)
|
Batting: RHB Lloyd Walsh
|
0-0: Ball 1-0: Ball 2-0: Foul Ball, location: 2F 2-1: Foul Ball, location: 2F 2-2: Fly out, F8 (Flyball, 8LS)
|
Top of the 3rd over - 0 run(s), 0 hit(s), 0 error(s), 0 left on base; Lannister United 1 - Minnesota 3 |
BOTTOM OF THE 3RD |
Minnesota Loons batting - Pitching for Lannister United Lionhearts : RHP Tom Rosas
|
Batting: LHB José Pacheco
|
0-0: Ball 1-0: Foul Ball, location: 2F 1-1: Foul Ball, location: 2F 1-2: Strikes out swinging
|
Batting: LHB José León
|
0-0: Ground out 4-3 (Groundball, 4)
|
Batting: SHB Auburn Calloway
|
0-0: Ball 1-0: Foul Ball, location: 2F 1-1: Called Strike 1-2: Ball 2-2: Strikes out swinging
|
Bottom of the 3rd over - 0 run(s), 0 hit(s), 0 error(s), 0 left on base; Lannister United 1 - Minnesota 3 |
TOP OF THE 4TH |
Lannister United Lionhearts batting - Pitching for Minnesota Loons : LHP Dan Crowder
|
Batting: LHB Cisco Padilla
|
0-0: Ball 1-0: Ball 2-0: Called Strike 2-1: Foul Ball, location: 2F 2-2: Fly out, F9 (Flyball, 9LMF)
|
Batting: RHB Jeremy Christensen
|
0-0: Ball 1-0: Fly out, F4 (Line Drive, 4MD)
|
Batting: SHB Corey Neace
|
0-0: Swinging Strike 0-1: Called Strike 0-2: Strikes out swinging
|
Top of the 4th over - 0 run(s), 0 hit(s), 0 error(s), 0 left on base; Lannister United 1 - Minnesota 3 |
BOTTOM OF THE 4TH |
Minnesota Loons batting - Pitching for Lannister United Lionhearts : RHP Tom Rosas
|
Batting: RHB D.C. Aiken
|
0-0: Called Strike 0-1: Ball 1-1: Called Strike 1-2: Foul Ball, location: 2F 1-2: Ball 2-2: SINGLE (Groundball, 56D)
|
Batting: RHB Jorge Arreola
|
0-0: Foul Ball, location: 2F 0-1: Ball 1-1: Swinging Strike 1-2: Grounds into double play, 6-4-3 (Groundball, 6M)
|
Batting: RHB Dusty Childress
|
0-0: Swinging Strike 0-1: Ball 1-1: Hit by Pitch
|
Batting: RHB Júlio Soto
|
0-0: Called Strike 0-1: Called Strike 0-2: Ball 1-2: Ball 2-2: Foul Ball, location: 2F 2-2: Foul Ball, location: 2F 2-2: Ground out 4-3 (Groundball, 4S)
|
Bottom of the 4th over - 0 run(s), 1 hit(s), 0 error(s), 1 left on base; Lannister United 1 - Minnesota 3 |
TOP OF THE 5TH |
Lannister United Lionhearts batting - Pitching for Minnesota Loons : LHP Dan Crowder
|
Batting: RHB Jason Compton
|
0-0: Called Strike 0-1: Called Strike 0-2: SINGLE (Line Drive, 4M)
|
Batting: RHB Tony Martínez
|
0-0: Ball 1-0: Ball 2-0: Foul Ball, location: 2F 2-1: Ball 3-1: Fly out, F8 (Flyball, 8RXD) Runner from 1st tags up, OUT at 2nd
|
Batting: LHB José Vargas
|
0-0: Ball 1-0: Called Strike 1-1: Ball 2-1: SINGLE (Line Drive, 4D)
|
Batting: RHB Tomás Martínez
|
0-0: Ground out 5-3 (Groundball, 5S)
|
Top of the 5th over - 0 run(s), 2 hit(s), 0 error(s), 1 left on base; Lannister United 1 - Minnesota 3 |
BOTTOM OF THE 5TH |
Minnesota Loons batting - Pitching for Lannister United Lionhearts : RHP Tom Rosas
|
Batting: LHB Miguel Zúñiga
|
0-0: Ball 1-0: Called Strike 1-1: Foul Ball, location: 2F 1-2: Strikes out looking
|
Pitching: RHP Harry Mander
|
|
Batting: RHB Álex Estrada
|
0-0: Swinging Strike 0-1: Ball 1-1: Foul Ball, location: 2F 1-2: Ball 2-2: Fly out, F7 (Line Drive, 7D)
|
Batting: LHB José Pacheco
|
0-0: Ball 1-0: Swinging Strike 1-1: Ball 2-1: Swinging Strike 2-2: Strikes out swinging
|
Bottom of the 5th over - 0 run(s), 0 hit(s), 0 error(s), 0 left on base; Lannister United 1 - Minnesota 3 |
TOP OF THE 6TH |
Lannister United Lionhearts batting - Pitching for Minnesota Loons : LHP Dan Crowder
|
Batting: RHB Sacha Nieuwenburg
|
0-0: Ground out 1-3 (Groundball, 15S)
|
Batting: RHB Lloyd Walsh
|
0-0: Ball 1-0: Ball 2-0: Ball 3-0: Called Strike 3-1: SINGLE (Line Drive, 3)
|
Batting: LHB Cisco Padilla
|
0-0: Called Strike Lloyd Walsh steals 2nd base 0-1: Foul Ball, location: 2F 0-2: Ground out 3-1 (Groundball, 3) Lloyd Walsh to third
|
Batting: RHB Jeremy Christensen
|
0-0: Ball 1-0: Called Strike 1-1: Ball 2-1: Called Strike 2-2: Strikes out swinging
|
Top of the 6th over - 0 run(s), 1 hit(s), 0 error(s), 1 left on base; Lannister United 1 - Minnesota 3 |
BOTTOM OF THE 6TH |
Minnesota Loons batting - Pitching for Lannister United Lionhearts : RHP Harry Mander
|
Batting: LHB José León
|
0-0: Foul Ball, location: 2F 0-1: Foul Ball, location: 2F 0-2: Ball 1-2: Ball 2-2: Ground out 4-3 (Groundball, 4)
|
Batting: SHB Auburn Calloway
|
0-0: Ball 1-0: Called Strike 1-1: Fly out, F6 (Popup, 6M)
|
Batting: RHB D.C. Aiken
|
0-0: Ball 1-0: Called Strike 1-1: Ball 2-1: Ball 3-1: Ground out 2-3 (Groundball, 2L)
|
Bottom of the 6th over - 0 run(s), 0 hit(s), 0 error(s), 0 left on base; Lannister United 1 - Minnesota 3 |
TOP OF THE 7TH |
Lannister United Lionhearts batting - Pitching for Minnesota Loons : LHP Dan Crowder
|
Batting: SHB Corey Neace
|
0-0: Ball 1-0: Ball 2-0: Swinging Strike 2-1: Swinging Strike 2-2: Ball 3-2: Foul Ball, location: 2F 3-2: Base on Balls
|
Batting: RHB Jason Compton
|
0-0: Called Strike 0-1: Foul Ball, location: 2F 0-2: Strikes out swinging
|
Batting: RHB Tony Martínez
|
0-0: Foul Ball, location: 2F 0-1: Ball 1-1: Called Strike 1-2: Strikes out looking
|
Pitching: LHP Vaughn Betz
|
|
Batting: LHB José Vargas
|
0-0: Ball 1-0: Foul Ball, location: 2F 1-1: Foul Ball, location: 2F 1-2: Ball 2-2: Foul Ball, location: 2F 2-2: Ball Corey Neace steals 2nd base 3-2: Fly out, F8 (Flyball, 8LS)
|
Top of the 7th over - 0 run(s), 0 hit(s), 0 error(s), 1 left on base; Lannister United 1 - Minnesota 3 |
BOTTOM OF THE 7TH |
Minnesota Loons batting - Pitching for Lannister United Lionhearts : RHP Harry Mander
|
Batting: RHB Jorge Arreola
|
0-0: Called Strike 0-1: Foul Ball, location: 2F 0-2: Strikes out looking
|
Batting: RHB Dusty Childress
|
0-0: Ball 1-0: Foul Ball, location: 2F 1-1: Ball 2-1: Foul Ball, location: 2F 2-2: Ball 3-2: Ground out 1-3 (Groundball, 23)
|
Pitching: RHP Cisco Ortega
|
|
Batting: RHB Júlio Soto
|
0-0: Ground out 4-3 (Groundball, 4M)
|
Bottom of the 7th over - 0 run(s), 0 hit(s), 0 error(s), 0 left on base; Lannister United 1 - Minnesota 3 |
TOP OF THE 8TH |
Lannister United Lionhearts batting - Pitching for Minnesota Loons : LHP Vaughn Betz
|
Batting: RHB Tomás Martínez
|
0-0: Ball 1-0: DOUBLE (Line Drive, 78XD)
|
Pitching: RHP Juan López
|
|
Batting: RHB Sacha Nieuwenburg
|
0-0: Fly out, F7 (Popup, 7S)
|
Batting: RHB Lloyd Walsh
|
0-0: Called Strike 0-1: Ball 1-1: Ball 2-1: 2-RUN HOME RUN (Flyball, 7LD), Distance : 341 ft
|
Batting: LHB Cisco Padilla
|
0-0: Foul Ball, location: 2F 0-1: Called Strike 0-2: Ball 1-2: Foul Ball, location: 2F 1-2: SINGLE (Groundball, 4MD)
|
Batting: RHB Jeremy Christensen
|
0-0: Ball 1-0: Sac Bunt - play at second, runner OUT! 1-6
|
Pinch Hitting: RHB Bartolo Martínez
|
0-0: Foul Ball, location: 2F 0-1: Foul Ball, location: 2F 0-2: Ball 1-2: Ball 2-2: Strikes out looking
|
Top of the 8th over - 2 run(s), 3 hit(s), 0 error(s), 1 left on base; Lannister United 3 - Minnesota 3 |
BOTTOM OF THE 8TH |
Minnesota Loons batting - Pitching for Lannister United Lionhearts : RHP Cisco Ortega
|
Now at SS: Curt Johnston
|
|
Batting: LHB Miguel Zúñiga
|
0-0: Swinging Strike 0-1: Ball 1-1: Foul Ball, location: 2F 1-2: Ball 2-2: SINGLE (Flyball, 6MD)
|
Pinch Hitting: LHB Tom Cotton
|
0-0: Called Strike 0-1: Ball 1-1: Ball 2-1: SINGLE (Line Drive, 56) Miguel Zúñiga to second
|
Batting: LHB José Pacheco
|
0-0: Ball 1-0: Ball 2-0: Called Strike 2-1: DOUBLE (Flyball, 8RM) Miguel Zúñiga scores Tom Cotton to third Runner from 3rd tries for Home, SAFE, throw made home
|
Batting: LHB José León
|
0-0: Intentional Walk
|
Batting: SHB Auburn Calloway
|
0-0: Bunted foul 0-1: Bunted foul 0-2: Strikes out swinging
|
Pinch Hitting: RHB Keith Newbold
|
0-0: Called Strike 0-1: Ball 1-1: SINGLE (Flyball, 7LS) José Pacheco to third José León to second Runner from 3rd tries for Home, throw and OUT! José León to third Keith Newbold to second
|
Pinch Hitting: RHB Gonzalo Sánchez
|
0-0: Ball 1-0: Ball 2-0: Swinging Strike 2-1: Foul Ball, location: 2F 2-2: Strikes out swinging
|
Bottom of the 8th over - 2 run(s), 4 hit(s), 0 error(s), 2 left on base; Lannister United 3 - Minnesota 5 |
TOP OF THE 9TH |
Lannister United Lionhearts batting - Pitching for Minnesota Loons : RHP Juan López
|
Pitching: LHP Jim Unknown
|
|
Now at 2B: Andrew Palmer
|
|
Now at 3B: Gonzalo Sánchez
|
|
Now in LF: Keith Newbold
|
|
Batting: RHB Jason Compton
|
0-0: Ground out 4-3 (Groundball, 4)
|
Batting: RHB Tony Martínez
|
0-0: Foul Ball, location: 2F 0-1: Swinging Strike 0-2: Ground out 2-3 (Groundball, 25)
|
Batting: LHB José Vargas
|
0-0: Ball 1-0: SINGLE (Line Drive, 4MD)
|
Batting: RHB Tomás Martínez
|
0-0: Swinging Strike 0-1: Ball 1-1: Ball 2-1: Ball 3-1: Called Strike 3-2: SINGLE (Line Drive, 8LS) José Vargas to second José Vargas to third
|
Pinch Hitting: RHB Miguel Uribe
|
0-0: Called Strike 0-1: Fly out, F4 (Line Drive, 4)
|
Top of the 9th over - 0 run(s), 2 hit(s), 0 error(s), 2 left on base; Lannister United 3 - Minnesota 5 |
|